 Dungeon Crawl Stone Soup version 0.20.1-1-g8b1a95d (webtiles) character file.

138 Gargoyl the Ducker (level 5, -1/24 HPs)
             Began as a Felid Abyssal Knight on July 26, 2017.
             Was a Believer of Lugonu.
             Slain by a slave (10 damage)
             ... led by Pikel
             ... on level 5 of the Dungeon.
             The game lasted 00:05:32 (4544 turns).

Gargoyl the Ducker (Felid Abyssal Knight)           Turns: 4544, Time: 00:05:32

Health: -1/24      AC:  2    Str: 10    XL:     5   Next: 1%
Magic:  7/7        EV: 20    Int: 14    God:    Lugonu [**....]
Gold:   227        SH:  0    Dex: 15    Spells: 4/4 levels left
                                        Lives:  0   Deaths: 1

rFire    . . .     SeeInvis +     - Unarmed
rCold    . . .     Gourm    .   (shield unavailable)
rNeg     . . .     Faith    .   (armour unavailable)
rPois    .         Spirit   .   (helmet unavailable)
rElec    .         Reflect  .   (cloak unavailable)
rCorr    .         Harm     .   (gloves unavailable)
MR       .....                  (boots unavailable)
Stlth    +++.......             (no amulet)
Regen    0.1/turn               (no ring)
MPRegen  0.1/turn               (no ring)

@: quick
A: no armour, no weapons or thrown items, stealth, claws 1, fangs 3, see
invisible, carnivore 3, speed 1, shaggy fur 2, slow metabolism 1, sharp paws
a: Depart the Abyss, Bend Space, Renounce Religion


You were on level 5 of the Dungeon.
You worshipped Lugonu.
Lugonu was pleased with you.
You were not hungry.

You visited 1 branch of the dungeon, and saw 5 of its levels.
You visited the Abyss 1 time.

You collected 227 gold pieces.

Inventory:

Scrolls
 b - a scroll of remove curse {unknown}
Comestibles
 a - 3 meat rations
 c - 3 royal jellies


   Skills:
 + Level 3.6 Fighting
 * Level 4.7 Dodging
 * Level 3.5 Stealth
 + Level 4.4 Unarmed Combat
 + Level 2.0 Invocations


You had 4 spell levels left.
You didn't know any spells.

Dungeon Overview and Level Annotations

Branches:
Dungeon (5/15)
 Temple: D:4-7

Altars:

Annotations:
D:4 Pikel


Innate Abilities, Weirdness & Mutations

You cannot wear armour.
You are incapable of wielding weapons or throwing items.
Your paws allow you to move quietly. (Stealth)
You have sharp claws.
You have razor-sharp teeth.
You have supernaturally acute eyesight. (SInv)
You are carnivorous and can eat meat at any time.
You cover ground quickly.
You are covered in thick fur. (AC +2)
You have a slow metabolism.
Your sharp claws are effective at attacking unaware monsters.


Message History

The slave is heavily wounded.
The slave completely misses you.
You closely miss the slave.
The slave is heavily wounded.
The slave completely misses you.
You closely miss the slave.
The slave is heavily wounded.
The slave barely misses you.
You barely miss the slave.
The slave is heavily wounded.
You scratch the slave. Your bite misses the slave.
The slave is almost dead.
The slave hits you!
You closely miss the slave.
The slave is almost dead.
The slave barely misses you.
You scratch the slave.
The slave is almost dead.
The slave hits you!
You die...

#.#
#.#
#.#
#.#
#.#
#.# #
#p#.#
#@..#
#.###
###


You could see a slave.

Vanquished Creatures
  A crimson imp (D:3)
  2 orc wizards (D:2)
  An orc priest (D:3)
  A worker ant (D:3)
  2 adders
  An ooze (D:3)
  2 worms (D:2)
  6 dart slugs
  3 leopard geckos
  7 orcs
  6 giant cockroaches
  8 goblins
  4 hobgoblins
  A jackal (D:1)
  A quokka (D:2)
  A ball python (D:3)
  10 bats
  A frilled lizard (D:1)
  6 kobolds
  14 rats
78 creatures vanquished.

Notes
Turn   | Place    | Note
-------+----------+-------------------------------------------
     0 | Abyss:1  | Gargoyl the Felid Abyssal Knight began the quest for the Orb.
     0 | Abyss:1  | Reached XP level 1. HP: 10/10 MP: 3/3
   100 | Abyss:1  | Noticed a sun demon
   100 | Abyss:1  | Noticed a smoke demon
   101 | D:1      | Escaped the Abyss
   317 | D:1      | Reached XP level 2. HP: 8/14 MP: 4/4
   318 | D:1      | Reached * piety under Lugonu
  1231 | D:1      | Reached XP level 3. HP: 17/17 MP: 5/5
  2327 | D:2      | Reached XP level 4. HP: 17/21 MP: 6/6
  2328 | D:2      | Reached ** piety under Lugonu
  2686 | D:2      | Reached skill level 1 in Stealth
  2733 | D:2      | Found a faded altar of an unknown god.
  3356 | D:3      | Reached XP level 5. HP: 14/24 MP: 7/7
  4037 | D:3      | Gained mutation: You are covered in thick fur. (AC +2) [Felid growth]
  4037 | D:3      | Reached XP level 6. HP: 22/28 MP: 8/8
  4248 | D:4      | Noticed Pikel
  4248 | D:4      | Noticed a slave
  4248 | D:4      | Noticed a slave
  4248 | D:4      | Noticed a slave
  4250 | D:4      | Noticed a slave
  4514 | D:4      | Slain by Pikel
  4515 | D:4      | Reached XP level 5. HP: 0/24 MP: 7/7
  4527 | D:5      | Entered Level 5 of the Dungeon
  4544 | D:5      | Slain by a slave

Skill      XL: |  1  2  3  4  5 |
---------------+----------------+-----
Invocations    | 2 |  2.0
Unarmed Combat | 3 4 |  4.4
Dodging        | 4 |  4.7
Stealth        | 3 |  3.5
Fighting       | |  3.6

Action                   |  1- 3 |  4- 6 || total
-------------------------+-------+-------++-------
Melee: Unarmed           |   115 |   171 ||   286
       Bite              |    13 |    11 ||    24
       Punch             |       |     3 ||     3
Invok: Depart the Abyss  |     1 |       ||     1
  Use: Scroll            |     1 |       ||     1
       Potion            |       |     3 ||     3
 Stab: Sleeping          |     4 |     4 ||     8
  Eat: Chunk             |     9 |     5 ||    14
Armor: Skin              |     4 |     6 ||    10
Dodge: Dodged            |    85 |   139 ||   224
